 Dungeon Crawl Stone Soup version 0.29-a0-393-g47a863cc1b (webtiles) character file.

Game seed: 1235439703915022234

146 holysushi the Cudgeller (level 5, 0/50 HPs)
             Began as a Troll Chaos Knight on May 9, 2022.
             Was a Plaything of Xom.
             Slain by an orc wizard
             ... wielding a +0 dagger
              (3 damage)
             ... on level 3 of the Dungeon.
             The game lasted 00:03:57 (2164 turns).

holysushi the Cudgeller (Troll Chaos Knight)        Turns: 2164, Time: 00:03:58

Health: 0/50       AC:  6    Str: 20    XL:     5   Next: 7%
Magic:  4/4        EV: 10    Int:  8    God:    Xom [..*...]
Gold:   108        SH:  0    Dex: 11    Spells: 4/4 levels left

rFire   . . .      SeeInvis .   d - +5 club
rCold   . . .      Faith    .   (no shield)
rNeg    . . .      Spirit   .   b - +2 robe
rPois   .          Reflect  .   (helmet restricted)
rElec   .          Harm     .   (no cloak)
rCorr   .          Rampage  .   (gloves unavailable)
Will    .....                   (boots unavailable)
Stlth   +.........              (no amulet)
HPRegen 0.96/turn               (no ring)
MPRegen 0.09/turn               (no ring)

@: no status effects
A: large, unfitting armour, claws 3, regeneration 1, shaggy fur 1, tough skin 1
a: Renounce Religion


You were on level 3 of the Dungeon.
You worshipped Xom.
You were a toy of Xom.
You visited 1 branch of the dungeon, and saw 3 of its levels.

You collected 108 gold pieces.

Inventory:

Hand Weapons
 a - a +1 vorpal mace
 d - a +5 club (weapon)
 i - a +0 hunting sling
Armour
 b - a +2 robe (worn)
Wands
 h - a wand of flame (13)
Scrolls
 j - a scroll of enchant armour {unknown}
Potions
 e - 5 potions of curing
 f - a potion of cancellation {unknown}
 g - 2 potions of mutation {unknown}
 l - a potion of heal wounds {unknown}
Miscellaneous
 c - a piece from Xom's chessboard (15/15) (quivered)


   Skills:
 - Level 2.4 Fighting
 * Level 4.9 Maces & Flails
 + Level 2.5 Dodging


You had 4 spell levels left.
You didn't know any spells.
Your spell library contained the following spells:

 Spells                   Type           Power      Damage    Failure   Level
 Beastly Appendage        Tmut           0%         N/A       41%         1
 Wereblood                Tmut           0%         N/A       54%         2
 Ozocubu's Armour         Ice            0%         N/A       78%         3
 Spider Form              Tmut/Pois      0%         N/A       78%         3
 Ozocubu's Refrigeration  Ice            0%         4d5       100%        7


Dungeon Overview and Level Annotations

Branches:
Dungeon (3/15)

Altars:
Nemelex Xobeh
Xom

Shops:
D:1 *


Innate Abilities, Weirdness & Mutations

You are too large for most types of armour.
You have claws for hands.
Your natural rate of healing is unusually fast.
You are covered in fur. (AC +1)
You have tough skin. (AC +1)


Message History

The orc hits you with a +0 club.
The orc wizard hits you with a +0 dagger.
You hit the orc wizard.
The orc wizard is heavily wounded.
The orc barely misses you. The orc wizard barely misses you.
You hit the orc wizard.
The orc wizard is severely wounded.
The orc misses you. The orc wizard misses you.
You hit the orc wizard.
The orc wizard is almost dead.
The orc closely misses you.
The orc wizard points at you and mumbles some strange words.
The magic dart hits you.
You closely miss the orc wizard.
The orc wizard is almost dead.
The orc hits you but does no damage.
The orc wizard points at you and mumbles some strange words.
The magic dart hits you!
You barely miss the orc wizard.
The orc wizard is almost dead.
The orc closely misses you.
The orc wizard points at you and mumbles some strange words.
The magic dart hits you.
You closely miss the orc wizard.
The orc wizard is almost dead.
The orc hits you with a +0 club.
* * * LOW HITPOINT WARNING * * *
The orc wizard gestures wildly while chanting.
The orc wizard flickers and vanishes!
Deactivating autopickup; reactivate with Ctrl-A.
You sock the orc!
You kill the orc!
Xom does a drum roll.
You hear some strange, mumbled words.
A puff of flame appears from out of thin air!
The puff of flame hits you!
* * * LOW HITPOINT WARNING * * *
Something hits you.
You die...
Xom titters!

########### #.........#
#.#######.# #.#.......#
#######.#.#......
#####...........##..#
#####.......###...####..#
.......##)#.##..........#
#..o{@.#.###........>#
#..o####.# ##.########
#... #.# #.# #... ..# #.#
..... ### #+# ###.## #.
..


You could see an orc priest and an orc.

Vanquished Creatures
  Jessica (D:3)
  Robin (D:3)
  4 adders
  A worm (D:2)
  A dart slug (D:1)
  2 orcs (D:3)
  2 endoplasms (D:1)
  18 goblins
  7 hobgoblins
  3 jackals (D:1)
  A quokka (D:1)
  4 ball pythons
  7 bats
  2 frilled lizards (D:2)
  6 kobolds
  4 rats
64 creatures vanquished.

Notes
Turn   | Place    | Note
-------+----------+-------------------------------------------
     0 | D:1      | holysushi the Troll Chaos Knight began the quest for the
                  | Orb.
     0 | D:1      | Reached XP level 1. HP: 22/22 MP: 0/0
    21 | D:1      | Reached skill level 3 in Maces & Flails
   114 | D:1      | XOM: divination: detect creatures
   250 | D:1      | Reached XP level 2. HP: 29/29 MP: 1/1
   262 | D:1      | Found Momnu's Assorted Antiques.
   300 | D:1      | Found a faded altar of an unknown god.
   318 | D:1      | XOM: scenery: create altars
   639 | D:1      | XOM: polymorph kobold -> adder
   646 | D:1      | Reached XP level 3. HP: 36/36 MP: 2/2
   663 | D:1      | XOM: silly message
   801 | D:2      | Reached skill level 4 in Maces & Flails
   954 | D:2      | XOM: silly message
  1444 | D:2      | XOM: silly message
  1511 | D:2      | XOM: silly message
  1619 | D:3      | Identified the +2 helmet "Pyppap" {Int+4}
  1619 | D:3      | Noticed Robin
  1622 | D:3      | Reached XP level 4. HP: 44/44 MP: 3/3
  1632 | D:3      | XOM: silly message
  1644 | D:3      | Killed Robin
  1853 | D:3      | Noticed Jessica
  1855 | D:3      | Killed Jessica
  2027 | D:3      | Found a sparkling altar of Nemelex Xobeh.
  2079 | D:3      | Reached XP level 5. HP: 50/50 MP: 4/4
  2164 | D:3      | XOM: noise
  2164 | D:3      | Slain by an orc wizard

Illustrated notes

Levels and vault maps discovered:
D:1:      scummos_arrival_star, layout_basic, serial_shops,
          nicolae_shop_crystal, shapermc_ecumenical_altar_acropolis,
          palyth_stone_intersect
D:2:      layout_basic, minmay_goblin_outpost
D:3:      layout_loops_corners, nemelex_xobeh_ov_fountains_minmay,
          uniq_crazy_yiuf_cottage, uniq_jessica, uniq_robin

Skill      XL: |  1  2  3 |
---------------+----------+-----
Maces & Flails | 3 4 |  4.9
Dodging        | 2 |  2.5
Fighting       | |  2.4

Action                   |  1- 3 |  4- 6 || total
-------------------------+-------+-------++-------
Melee: Mace              |   141 |    35 ||   176
       Punch             |     1 |       ||     1
       Club              |       |    27 ||    27
 Fire: Hunting sling     |    10 |       ||    10
  Use: Scroll            |     6 |       ||     6
 Stab: Paralysed         |     1 |       ||     1
Armor: Robe              |    92 |    30 ||   122
Dodge: Dodged            |    75 |    27 ||   102

Table legend: (Time is in decaauts)
 A = Elapsed time spent in this place.
 B = Non-inter-level travel time spent in this place.
 C = Inter-level travel time spent in this place.
 D = Time resting spent in this place.
 E = Time spent auto-exploring this place.
 F = Levels seen in this place.
 G = Mean time per level.
                   A        B        C        D        E       F      G
               +--------+--------+--------+--------+--------+-----+--------+
         Total |   2213 |   2164 |     49 |    118 |   1443 |   3 |  737.7 |
       Dungeon |   2213 |   2164 |     49 |    118 |   1443 |   3 |  737.7 |
               +--------+--------+--------+--------+--------+-----+--------+

Top non-repeatable levels by time:
     D:1: 824 daAuts
     D:2: 784 daAuts
     D:3: 604 daAuts
